 Dungeon Crawl Stone Soup version 0.17.1-3-g152610e (webtiles) character file.

5274 theElss the Basher (level 10, -12/84 HPs)
             Began as a Gargoyle Berserker on Feb 23, 2016.
             Was a High Priest of Trog.
             Mangled by an iron golem (14 damage)
             ... on level 8 of the Dungeon.
             The game lasted 00:25:23 (7687 turns).

theElss the Basher (Gargoyle Berserker)             Turns: 7687, Time: 00:25:24

Health: -12/84     AC: 24    Str: 29    XL:     10   Next: 63%
Magic:  10/10      EV:  8    Int:  7    God:    Trog [*****.]
Gold:   500        SH:  0    Dex: 10    Spells: 0 memorised, 9 levels left

rFire  . . .     SeeInvis .     E - +3 flail
rCold  . . .     Clarity  +     x - +0 plate armour
rNeg   + . .     SustAt   .     (no shield)
rPois  ∞         Gourm    .     y - +0 helmet
rElec  +         Spirit   .     (no cloak)
rCorr  .         Warding  .     (no gloves)
rMut   .         Stasis   .     G - +0 pair of boots
MR     .....                    t - amulet of clarity
Stlth  ..........               (no ring)
                                D - ring of stealth

@: berserking (expiring), very quick, not resistant to hostile enchantments,
extremely unstealthy
A: negative energy resistance 1, electricity resistance, unbreathing,
petrification resistance, rot immunity, AC +7
a: Berserk, Trog's Hand, Brothers in Arms, Burn Spellbooks, Renounce Religion


You were on level 8 of the Dungeon.
You worshipped Trog.
Trog was extremely pleased with you.
You were not hungry.

You visited 1 branch of the dungeon, and saw 9 of its levels.
You also visited: Sewer.

You collected 500 gold pieces.

Inventory:

Hand Weapons
 E - a +3 flail (weapon)
 I - a +1 whip of freezing
Armour
 o - a +0 chain mail
 x - a +0 plate armour (worn)
 y - a +0 helmet (worn)
 G - a +0 pair of boots (worn)
Jewellery
 t - an amulet of clarity (around neck)
 D - a ring of stealth (left hand)
 J - a +2 ring of evasion {unknown}
Wands
 r - a wand of digging (11)
 w - a wand of slowing (30)
 B - a wand of paralysis (2)
Scrolls
 d - 9 scrolls of remove curse
 e - a scroll of noise {unknown}
 i - 5 scrolls of identify
 l - 2 scrolls of enchant weapon {unknown}
 m - 4 scrolls of teleportation {unknown}
 n - a scroll of magic mapping {unknown}
 p - 2 scrolls of fog {unknown}
 q - 2 scrolls of recharging {unknown}
 u - 2 scrolls of fear {unknown}
 v - 3 scrolls of amnesia {unknown}
 A - 2 scrolls of blinking {unknown}
 C - 2 scrolls of immolation {unknown}
 F - 2 scrolls of random uselessness {unknown}
 K - a scroll of torment {unknown}
 L - a scroll of enchant armour {unknown}
Potions
 f - a potion of beneficial mutation
 h - 3 potions of brilliance
 j - 2 potions of magic
 k - 2 potions of agility {unknown}
 s - a potion of cancellation
 z - a potion of heal wounds
 H - 2 potions of flight {unknown}
Comestibles
 a - a beef jerky
 b - a meat ration
 c - 7 bread rations
 g - 8 fruits
 M - a chunk of flesh


   Skills:
 - Level 3.2 Fighting
 + Level 12.3 Maces & Flails
 + Level 10.5 Armour
 - Level 1.5 Dodging


You had 9 spell levels left.
You didn't know any spells.

Dungeon Overview and Level Annotations

Branches:
Dungeon (9/15)             Temple (0/1) D:7
   Lair: D:8-11         Orc: D:9-12

Altars:
Ashenzari
Cheibriados
Kikubaaqudgha
Makhleb
Nemelex Xobeh
Ru
Sif Muna
Vehumet
The Shining One

Shops:
D:6 (


Innate Abilities, Weirdness & Mutations

You are resistant to torment.
Your stone body is resilient (AC +7).
You are immune to poison.
You resist negative energy.
You are resistant to electric shocks.
You can survive without breathing.
You are immune to petrification.
You are immune to rotting.


Message History

You hit the iron golem.
The iron golem is lightly damaged.
The iron golem closely misses you.
You bludgeon the iron golem!!
The iron golem is moderately damaged.
You hit the iron golem but do no damage.
The iron golem is moderately damaged.
The iron golem hits you!!
* * * LOW HITPOINT WARNING * * *
Unknown command.
You are too berserk!
Unknown command.
You thump the iron golem!
The iron golem is moderately damaged.
You sock the iron golem!
The iron golem is heavily damaged.
You thump the iron golem!
The iron golem is heavily damaged.
The iron golem hits you!
You die...

#.......#...#....########....##..
........'...#^...##....##.....#..
........#...#....#............#..
#..###..######...##....##..######
######..######'####....##..######
....#..........................#.
....'..........................#.
#..###....##.....##+#####......#.
#..###....##...8@##....##..######
.....#.....#.[)........##..##..##
.....#.....#................#....
.....#.....#^....<..........#...(
.....#.....#...............######
#.####.######..######<.##^.##..##
#.####.##.###..######..##..#...#.
...#....#..#...........#...'...#.
...'....#..#...........'...##..##


You could see an iron golem.

Vanquished Creatures
  An iron golem (D:8)
  The ghost of bl4d3 the Skirmisher, a novice GrAK of Lugonu (D:7)
  Pikel (D:7)
  Grinder (D:6)
  Menkaure (D:7)
  A hungry ghost (D:8)
  3 sky beasts
  3 orc warriors
  A phantom (D:4)
  3 ogres
  A black bear (D:7)
  2 centaurs
  5 giant frogs
  A water moccasin zombie (D:8)
  4 scorpions
  2 killer bees (D:7)
  5 wights (D:6)
  3 crimson imps
  2 quasits
  3 hounds
  3 orc wizards
  3 iguanas
  A jelly (D:5)
  2 giant frog skeletons
  3 centaur skeletons (D:4)
  Ijyb (D:2)
  An orc priest (D:4)
  Terence (D:2)
  Natasha (thrice) (D:3)
  8 worker ants
  20 adders
  4 gnolls (D:6)
  A shadow imp (D:7)
  9 oozes
  An adder skeleton (D:4)
  4 worms
  7 giant geckos
  21 orcs
  7 bats
  15 giant cockroaches
  13 hobgoblins
  6 kobolds
  10 ball pythons (Sewer)
  A giant gecko skeleton (D:5)
  15 giant newts
  5 goblins
  5 quokkas
  4 rats
218 creatures vanquished.

Vanquished Creatures (others)
  A slave (D:7)
  A centaur (D:7)
  A killer bee (D:7)
  A worker ant (D:7)
4 creatures vanquished.

Grand Total: 222 creatures vanquished

Notes
Turn   | Place    | Note
--------------------------------------------------------------
     0 | D:1      | theElss the Gargoyle Berserker began the quest for the Orb.
     0 | D:1      | Reached XP level 1. HP: 14/14 MP: 1/1
   413 | D:1      | Reached XP level 2. HP: 14/19 MP: 2/2
   920 | D:2      | Reached skill level 4 in Maces & Flails
   920 | D:2      | Reached XP level 3. HP: 19/23 MP: 3/3
  1297 | D:2      | Reached XP level 4. HP: 28/28 MP: 4/4
  1302 | D:2      | Noticed Ijyb
  1320 | D:2      | Killed Ijyb
  1323 | D:2      | Reached ** piety under Trog
  1323 | D:2      | Reached skill level 5 in Maces & Flails
  1439 | D:2      | Noticed Terence
  1453 | D:2      | Killed Terence
  1453 | D:2      | Reached XP level 5. HP: 32/32 MP: 5/5
  2005 | D:3      | Noticed Natasha
  2029 | D:3      | Reached XP level 6. HP: 37/37 MP: 6/6
  2047 | D:3      | Killed Natasha
  2047 | D:3      | Reached skill level 6 in Maces & Flails
  2137 | D:3      | Found a burning altar of Makhleb.
  2283 | D:3      | Noticed Natasha
  2290 | D:3      | Killed Natasha
  2341 | D:3      | Noticed Natasha
  2343 | D:3      | Killed Natasha
  2343 | D:3      | Reached *** piety under Trog
  2605 | D:4      | Found a glowing drain.
  2640 | Sewer    | Entered a sewer
  2687 | Sewer    | Reached XP level 7. HP: 36/41 MP: 7/7
  2725 | Sewer    | Received a gift from Trog
  2902 | Sewer    | Reached skill level 7 in Maces & Flails
  2985 | Sewer    | Reached **** piety under Trog
  3098 | Sewer    | Reached skill level 5 in Armour
  3728 | D:4      | Found a shattered altar of Ashenzari.
  3783 | D:4      | Reached XP level 8. HP: 46/46 MP: 8/8
  3879 | D:4      | Reached skill level 8 in Maces & Flails
  3923 | D:4      | Found a sacrificial altar of Ru.
  4062 | D:5      | Entered Level 5 of the Dungeon
  4402 | D:5      | Found a sparkling altar of Nemelex Xobeh.
  4404 | D:5      | Found a deep blue altar of Sif Muna.
  4619 | D:5      | Reached skill level 9 in Maces & Flails
  4979 | D:6      | Reached ***** piety under Trog
  4980 | D:6      | Found Todit Rye's Antique Weapon Emporium.
  5045 | D:6      | Reached XP level 9. HP: 47/51 MP: 9/9
  5219 | D:6      | Noticed Grinder
  5260 | D:6      | Killed Grinder
  5260 | D:6      | Reached skill level 10 in Maces & Flails
  5470 | D:6      | Found a snail-covered altar of Cheibriados.
  5715 | D:7      | Found a radiant altar of Vehumet.
  5831 | D:7      | Found a staircase to the Ecumenical Temple.
  5918 | D:7      | Noticed Menkaure
  5925 | D:7      | Killed Menkaure
  6089 | D:7      | Noticed Pikel
  6105 | D:7      | Killed Pikel
  6105 | D:7      | Reached skill level 11 in Maces & Flails
  6105 | D:7      | Reached XP level 10. HP: 56/56 MP: 10/10
  6176 | D:7      | Noticed bl4d3's ghost (novice GrAK)
  6207 | D:7      | Killed bl4d3's ghost
  6248 | D:7      | Found a glowing golden altar of the Shining One.
  6257 | D:7      | Found an ancient bone altar of Kikubaaqudgha.
  6510 | D:7      | Reached skill level 10 in Armour
  7343 | D:8      | Reached skill level 12 in Maces & Flails
  7509 | D:9      | Noticed an iron golem
  7509 | D:9      | Noticed an iron golem
  7509 | D:9      | Noticed an iron golem
  7509 | D:9      | Noticed an iron golem
  7536 | D:8      | Killed an iron golem
  7684 | D:8      | HP: 2/84 [iron golem (18)]
  7687 | D:8      | Mangled by an iron golem

Action                   |  1- 3 |  4- 6 |  7- 9 | 10-12 || total
-------------------------+-------+-------+-------+-------++-------
Melee: Mace              |    87 |   210 |   282 |       ||   579
       Flail             |       |       |   240 |   168 ||   408
Invok: Berserk           |     1 |     4 |     5 |     4 ||    14
  Use: Scroll            |       |       |     8 |       ||     8
  Eat: Chunk             |     2 |     9 |    17 |     5 ||    33
       Meat ration       |       |       |       |     1 ||     1
       Fruit             |       |       |       |     1 ||     1
       Beef jerky        |       |       |       |     1 ||     1
